AoeStats
← 888

Nomad

509857904Analyzed
4v4 RM · 3d ago on Sep 28, 2026· 31m 3s· 8 players
Game mode
Random Map
Map size
231×231
Population
200
Speed
Normal
Resources
Standard
Victory
Conquest
Starting age
Dark Age
Ending age
Imperial Age
RankedLock teamsTeams togetherTeam positionsShared explorationLock speedFull tech treeHidden civsTurbo modeCheats
Victory
Defeat
🇮🇱 Vietnamese · Israel
1304
+13
🇦🇷 Persians · Argentina
1262
+14
🇪🇸 Mongols · Spain
1236
+15
🇫🇷 Berbers · France
1231
+16
🇭🇰 Khmer · Hong Kong SAR China
1257
-16
🇭🇰 Spanish · Hong Kong SAR China
1228
-15
🇨🇳 Teutons · China
1217
-14
🇦🇺 Aztecs · Australia
1196
-13
Leopard
4:41 Loom
13:27 Feudal Age
17:10 Castle Age
16:19 Double-Bit Axe
20:33 Fishing Lines
22:26 Wheelbarrow
21:43 Horse Collar
23:10 Bow Saw
24:28 Heavy Plow
25:47 Fletching
26:25 Gold Mining
26:27 Stone Mining
28:10 Hand Cart
28:02 Bodkin Arrow
29:07 Town Watch
33:13 Imperial Age
31:22 Ballistics
888
4:56 Loom
13:16 Feudal Age
14:49 Double-Bit Axe
15:04 Gold Mining
17:38 Fletching
21:34 Castle Age
23:10 Bow Saw
23:38 Gold Shaft Mining
24:39 Fishing Lines
25:18 Horse Collar
25:55 Husbandry
26:05 Bloodlines
26:51 Stone Mining
28:38 Heavy Plow
29:15 Wheelbarrow
Mike
4:49 Loom
13:42 Feudal Age
18:33 Castle Age
19:46 Double-Bit Axe
27:35 Horse Collar
29:59 Bow Saw
NASPI
6:15 Loom
Defenestrator
13:29 Loom
16:51 Feudal Age
24:04 Feudal Age
25:51 Double-Bit Axe
29:58 Castle Age
29:51 Forging
29:43 Scale Mail Armor
勇敢牛牛
4:19 Loom
14:58 Feudal Age
16:34 Fletching
24:14 Castle Age
25:28 Scale Barding Armor
29:13 Double-Bit Axe
鲨丁鱼2
9:02 Loom
16:50 Feudal Age
18:06 Double-Bit Axe
20:22 Castle Age
19:01 Horse Collar
28:52 Scale Barding Armor
mdzzxswl
14:49 Loom
22:09 Feudal Age
25:33 Double-Bit Axe
26:01 Scale Barding Armor
26:23 Forging
26:31 Horse Collar
29:13 Bloodlines
32:57 Castle Age
Connection lost

Rejoining the realm…

Still unreachable

The connection could not be restored.

Session expired

The server has moved on; the page needs a fresh start.